 Dungeon Crawl Stone Soup version 0.28.0 (webtiles) character file.

Game seed: 10044049705413513502

31 HallandMoats the Skirmisher (level 3, 33/33 HPs)
             Began as a Ghoul Monk on Feb 7, 2022.
             Was a Believer of Nemelex Xobeh.
             Safely got out of the dungeon.
             The game lasted 00:01:08 (1079 turns).

HallandMoats the Skirmisher (Ghoul Monk)            Turns: 1079, Time: 00:01:09

Health: 33/33      AC:  5    Str: 16    XL:     3   Next: 22%
Magic:  2/2        EV: 11    Int:  5    God:    Nemelex Xobeh [**....]
Gold:   77         SH:  0    Dex: 11    Spells: 2/2 levels left

rFire   . . .      SeeInvis .     - Unarmed
rCold   + . .      Faith    .   (no shield)
rNeg    + + +      Spirit   .   d - +0 ring mail
rPois   ∞          Reflect  .   (no helmet)
rElec   .          Harm     .   (no cloak)
rCorr   .          Rampage  .   (no gloves)
Will    .....                   (no boots)
Stlth   +.........              (no amulet)
HPRegen 0.11/turn               (no ring)
MPRegen 0.08/turn               (no ring)

@: no status effects
A: claws 1, cold resistance 1, negative energy resistance 3, inhibited
regeneration, torment resistance 2
a: Renounce Religion, Draw Escape, Draw Destruction, Draw Summoning


You escaped.
You worshipped Nemelex Xobeh.
Nemelex Xobeh was pleased with you.
You visited 1 branch of the dungeon, and saw 1 of its levels.

You collected 77 gold pieces.

Inventory:

Missiles
 b - a throwing net (quivered)
Armour
 d - a +0 ring mail (worn)
Potions
 a - a potion of curing {unknown}
 c - 4 potions of brilliance {unknown}


   Skills:
 + Level 3.6 Fighting
 + Level 1.0 Armour
 + Level 3.0 Dodging
 - Level 2.1 Stealth
 + Level 3.6 Unarmed Combat


You had 2 spell levels left.
You didn't know any spells.
Your spell library was empty.

Dungeon Overview and Level Annotations

Branches:
Dungeon (1/15)

Altars:
Nemelex Xobeh


Innate Abilities, Weirdness & Mutations

You thrive by killing the living.
You are immune to poison.
You have sharp fingernails.
Your flesh is cold resistant. (rC+)
You are immune to negative energy. (rN+++)
You do not regenerate when monsters are visible.
You are immune to unholy pain and torment.


Message History

The plant is lightly damaged.
You claw the plant!
The plant is lightly damaged.
You scratch the plant.
The plant is lightly damaged.
You claw the plant!
The plant is lightly damaged.
A nearby plant withers and dies.
Found a faded altar of an unknown god.
You scratch the fungus.
The fungus begins to die.
The fungus is lightly damaged.
You claw the plant!
The plant begins to die.
You claw the plant.
The plant is lightly damaged.
You scratch the plant.
The plant is lightly damaged.
You claw the plant!
The plant is lightly damaged.
You scratch the plant.
The plant is lightly damaged.
You scratch the plant.
The plant is lightly damaged.
A nearby fungus withers and dies.
A nearby plant withers and dies.
There is a faded altar of an unknown god here.
You cannot tell which god this altar belongs to.
Convert to them anyway?
Nemelex Xobeh accepts your prayer! Nemelex Xobeh welcomes you!
Nemelex will now gift you decks of power as you gain piety.
Nemelex Xobeh deals you some cards!
You now have 1 escape card, 5 destruction cards and 4 summoning cards.
You can now draw from decks of power.
Nemelex Xobeh deals you some cards!
You now have 3 escape cards, 14 destruction cards and 5 summoning cards.
(D) Dungeon
Where to? (? - help)
What level of the Dungeon? (default 1, ? - help)
You open the door.
There is an open door here.
There is a staircase leading out of the dungeon here.
Are you sure you want to leave the Dungeon?
This will make you lose the game!
You have escaped!

.....# #.........#.###.## #.#
....##
###.....##..#####.###.#
...### #........)....#
##....# .....#
#.#####+#####.# #.####
#.##.#####.#PPP#(#PPP#.# ##.#
#.##.#.....#P⌠P#.#P⌠P#.###.##
#.##.#.###.#PPP#.#PPP#.##.##
#.##.#)###.#####.#####...##
#.##.......'....@....'..##
.....#.##..#####.#####.##
...>.#.##..#PPP#.#PPP#.#
#....#.....#P⌠P#.#P⌠P#.#
#.##.####..#PPP#.#PPP#.#
.....# #..#####+#####.#
.....# #..............#
....## ###.####..#######
....# #........##


There were no monsters in sight!

Vanquished Creatures
  2 dart slugs (D:1)
  5 ball pythons (D:1)
  2 giant cockroaches (D:1)
  2 hobgoblins (D:1)
  4 jackals (D:1)
  A kobold (D:1)
  A quokka (D:1)
  A bat (D:1)
  5 goblins (D:1)
23 creatures vanquished.

Vanquished Creatures (others)
  A fungus (D:1)
  2 plants (D:1)
3 creatures vanquished.

Grand Total: 26 creatures vanquished

Notes
Turn   | Place    | Note
-------+----------+-------------------------------------------
     0 | D:1      | HallandMoats the Ghoul Monk began the quest for the Orb.
     0 | D:1      | Reached XP level 1. HP: 19/19 MP: 0/0
    84 | D:1      | Reached XP level 2. HP: 19/26 MP: 1/1
   637 | D:1      | Reached XP level 3. HP: 26/31 MP: 2/2
   791 | D:1      | Reached skill level 1 in Armour
  1023 | D:1      | Found a faded altar of an unknown god.
  1033 | D:1      | Prayed at the altar of an unknown god.
  1033 | D:1      | Became a worshipper of Nemelex Xobeh the Trickster
  1033 | D:1      | Reached * piety under Nemelex Xobeh
  1033 | D:1      | Received a gift from Nemelex Xobeh
  1033 | D:1      | Reached ** piety under Nemelex Xobeh
  1033 | D:1      | Received a gift from Nemelex Xobeh
  1079 | D:$      | Safely got out of the dungeon.

Illustrated notes

Levels and vault maps discovered:
D:1:      beargit_arrival_greenhouse, layout_loops_cross,
          shapermc_ecumenical_altar_petra

Skill      XL: |  1  2  3 |
---------------+----------+-----
Dodging        | 3 |  3.0
Armour         | 1 |  1.0
Fighting       | |  3.6
Stealth        | |  2.1
Unarmed Combat | |  3.6

Action                   || total
-------------------------++-------
Melee: Unarmed           ||    83
       Punch             ||     1
 Stab: Sleeping          ||     1
Armor: Robe              ||    11
       Ring mail         ||     6
Dodge: Dodged            ||    48
